AoeStats
← Will.I.Am

African Clearing

505131760Analyzed
2v2 RM · 23d ago on Sep 8, 2026· 39m 35s· 4 players
Game mode
Random Map
Map size
Medium (4 player)
Population
200
Speed
Normal
Resources
Standard
Victory
Conquest
Starting age
Dark Age
Ending age
Imperial Age
RankedLock teamsTeams togetherTeam positionsShared explorationLock speedFull tech treeHidden civsTurbo modeCheats
Victory
Defeat
🇦🇺 Vietnamese · Australia
1021
+17
🇨🇴 Berbers · Colombia
986
+18
🇨🇴 Vietnamese · Colombia
1049
-18
🇨🇴 Cumans · Colombia
1017
-17
LeonSuarez
14:05 Loom
16:22 Feudal Age
20:50 Bloodlines
21:36 Forging
26:18 Castle Age
27:53 Double-Bit Axe
30:30 Husbandry
36:26 Horse Collar
36:47 Fletching
37:35 Bodkin Arrow
39:32 Gold Mining
40:00 Heavy Plow
Will.I.Am
4:34 Loom
14:25 Feudal Age
17:52 Town Watch
17:31 Man-at-Arms
18:35 Stone Mining
18:38 Fletching
26:23 Castle Age
26:37 Padded Archer Armor
27:08 Town Patrol
27:08 Double-Bit Axe
28:22 Bow Saw
27:53 Horse Collar
29:46 Gold Mining
32:19 Bodkin Arrow
33:28 Husbandry
35:46 Elite Skirmisher
40:41 Imperial Age
38:47 Wheelbarrow
archer2020
6:42 Loom
13:54 Feudal Age
14:59 Double-Bit Axe
15:46 Horse Collar
21:32 Wheelbarrow
24:53 Castle Age
27:07 Forging
27:34 Hand Cart
28:41 Iron Casting
28:07 Scale Mail Armor
28:13 Scale Barding Armor
28:36 Bloodlines
30:48 Stone Mining
30:49 Gold Mining
35:10 Chain Barding Armor
39:28 Imperial Age
37:30 Chain Mail Armor
mikelo
6:43 Loom
19:23 Feudal Age
20:04 Horse Collar
28:55 Castle Age
26:44 Town Watch
29:48 Thumb Ring
30:12 Gold Mining
31:54 Double-Bit Axe
37:29 Elite Skirmisher
Connection lost

Rejoining the realm…

Still unreachable

The connection could not be restored.

Session expired

The server has moved on; the page needs a fresh start.